 Dungeon Crawl Stone Soup version 0.14.2 (webtiles) character file.

153381 peterlawrence the Warrior (level 17, -6/169 HPs)
             Began as a Minotaur Fighter on Oct 14, 2023.
             Was a High Priest of Okawaru.
             Killed from afar by a vapour (16 damage)
             ... with a bolt of lightning
             ... on Level 14 of the Dungeon.
             The game lasted 00:54:50 (33632 turns).

peterlawrence the Warrior (Minotaur Fighter)       Turns: 33632, Time: 00:54:50

HP  -6/169       AC 30     Str 24      XL: 17   Next:  1%
MP  22/22        EV  8     Int  9      God: Okawaru [*****.]
Gold 1722        SH 28     Dex 16      Spells:  0 memorised, 16 levels left

rFire  + + .     SeeInvis .     f - +4 eveningstar (protect)
rCold  . . .     Clarity  .     H - +1 plate armour {rF+}
rNeg   + . .     Conserve .     N - +2 shield {rPois}
rPois  +         rCorr    .     (helmet restricted)
rElec  .         rRot     .     s - +1 cloak
SustAb . .       Spirit   .     y - +0 pair of gloves
rMut   .         Warding  .     i - +1 pair of boots {Fly}
Saprov . . .     Stasis   .     n - amulet of faith
MR     ++...                    q - +2 ring of strength
                                A - ring of the Forsaken Dances {rF+ rN+ MR+ Int+4 Acc+2}

@: flying, very resistant to hostile enchantments, extremely unstealthy
A: retaliatory headbutt, horns 2
a: Heroism, Finesse, Renounce Religion, Stop Flying


You were on level 14 of the Dungeon.
You worshipped Okawaru.
Okawaru was extremely pleased with you.
You were not hungry.

You visited 2 branches of the dungeon, and saw 22 of its levels.
You also visited: Bailey and Volcano.

You collected 1722 gold pieces.

Inventory:

Hand weapons
 f - a +4,+4 eveningstar of protection (weapon)
 t - a +5,+5 whip of venom
Missiles
 o - a throwing net (quivered)
Armour
 i - a +1 pair of boots of flying (worn)
 s - a +1 cloak (worn)
 y - a +0 pair of gloves (worn)
 F - the +1 pair of boots of Incorporation {rF+}
   (Okawaru gifted it to you on level 5 of the Lair of Beasts)

   It protects you from fire.
 H - a +1 plate armour of fire resistance (worn)
 N - a +2 shield of poison resistance (worn)
Magical devices
 b - a wand of disintegration (4)
 c - a wand of digging (14)
 h - a wand of cold (6)
 M - a wand of lightning (3)
Comestibles
 d - 3 bread rations
 B - 3 meat rations
Scrolls
 j - a scroll of recharging
 p - a scroll of blinking
 w - 2 scrolls of teleportation
 D - 5 scrolls of remove curse
 K - 2 scrolls of fog
 L - 2 scrolls of fear
Jewellery
 l - an uncursed ring of ice
 n - an amulet of faith (around neck)
 q - a +2 ring of strength (right hand)
 A - the ring of the Forsaken Dances (left hand) {rF+ rN+ MR+ Int+4 Acc+2}
   (You found it on level 2 of the Lair of Beasts)

   [ring of positive energy]

   It affects your intelligence (+4).
   It affects your accuracy with ranged weapons and melee attacks (+2).
   It protects you from fire.
   It affects your resistance to hostile enchantments.
 J - an uncursed ring of poison resistance
Potions
 a - a potion of strong poison {unknown}
 e - a potion of might
 k - a potion of haste
 m - 2 potions of agility
 r - 2 potions of resistance
 u - 2 potions of berserk rage
 v - 5 potions of heal wounds
 C - 3 potions of restore abilities
 G - 2 potions of poison {unknown}
 O - 4 potions of curing


   Skills:
 - Level 19.7 Fighting
 + Level 16.3 Maces & Flails
 - Level 15.7 Armour
 - Level 9.0 Dodging
 - Level 0.3 Stealth
 - Level 11.1 Shields
 - Level 7.0 Invocations


You had 16 spell levels left.
You didn't know any spells.

Dungeon Overview and Level Annotations

Branches:
Dungeon (14/15)            Temple (0/1) D:7             Orc (0/4) D:9
   Lair (8/8) D:8           Swamp (0/5) Lair:6        Snake (0/5) Lair:5
  Slime (0/6) Lair:7       Vaults (0/5) D:13

Altars:
Fedhas
Makhleb
Nemelex Xobeh
Okawaru
Trog
Vehumet
Xom
Yredelemnul
Jiyva

Shops:
D:7 [   D:9 }   D:11 }   D:13 *   D:14 :

Portals:
Hell: Lair:8


Innate Abilities, Weirdness & Mutations

You reflexively headbutt those who attack you in melee.
You have a pair of horns on your head.


Message History

No target in view!
The bolt of lightning hits you! The bolt of lightning hits you!
Your plate armour prevents you from hitting something.
You miss something. You impale something!!
Reactivating autopickup.
You feel a bit more experienced.
Deactivating autopickup; reactivate with Ctrl-A.
You bludgeon something!! You sock something! You completely miss something.
The bolt of lightning hits you!
No target in view!
No target in view!
The bolt of lightning hits you!
* * * LOW HITPOINT WARNING * * *
The bolt of lightning hits you!
* * * LOW HITPOINT WARNING * * *
The bolt of lightning hits you!
You die...

..############..##.......#
.## ##..#.......# ##
##≈##......# # #..##.#####
# ##.##.# #.##.# #.##.#
####≈##.# #..@.##.# #
#.#####.# # #..#≈....# ##
#..##.##### .## ...##..#
..############..##
#..............##
################ ......#


There were no monsters in sight!

Vanquished Creatures
  Rupert (Lair:7)
  Maud (Lair:7)
  A dire elephant (Lair:8)
  4 vault guards (D:13)
  Josephine (D:12)
  Fannar (D:12)
  A ravenous feature mimic (Lair:8)
  7 hydras
  2 slime creatures (D:13)
  28 death yaks
  Urug (D:10)
  A sun demon (Lair:8)
  3 centaur warriors
  An unseen horror (D:11)
  Erolcha (D:10)
  6 hill giants
  2 griffons
  A lindwurm (Lair:4)
  A manticore (D:13)
  3 cyclopes
  2 orc knights (Bailey)
  A wizard (Lair:8)
  A sixfirhy (Lair:8)
  An oklob plant (Lair:4)
  11 elephants
  Maurice (D:12)
  9 black mambas
  A queen ant (Lair:4)
  6 gargoyles
  2 vapours (D:14)
  14 spiny frogs
  A smoke demon (Lair:8)
  An item mimic (Lair:5)
  3 orange demons (Lair:8)
  A feature mimic (Lair:8)
  2 fire drakes
  4 blue devils (Lair:8)
  3 trolls
  2 centaur skeletons (D:12)
  A freezing wraith (D:14)
  3 red devils (Lair:8)
  An efreet (D:14)
  A human zombie (D:13)
  13 komodo dragons
  Sonja (D:13)
  Prince Ribbit (D:9)
  A brown ooze (shapeshifter) (D:14)
  15 blink frogs
  2 vampires (D:13)
  A trapdoor spider (D:13)
  A water elemental (D:10)
  An air elemental (D:10)
  A shadow (D:14)
  A wraith (D:12)
  6 basilisks
  A spriggan (D:7)
  3 toenail golems (Volcano)
  A fire elemental (D:10)
  A deep elf mage (D:10)
  3 elephant slugs
  64 yaks
  A shark (Lair:6)
  26 ugly things
  6 humans (Volcano)
  6 vampire mosquitoes
  4 hill giant skeletons
  14 hippogriffs
  4 hungry ghosts
  9 wolves
  A naga (Lair:5)
  Edmund (D:6)
  16 water moccasins
  10 soldier ants
  3 mottled dragons
  3 necrophages
  6 ice beasts
  10 orc warriors
  4 sky beasts
  A giant goldfish (Lair:6)
  3 ogres
  12 porcupines
  A black bear (Lair:3)
  The ghost of peterlawrence the Shield-Bearer, an average MiFi (D:3)
  A yellow wasp (D:9)
  2 boring beetles (Lair:7)
  18 crocodiles
  5 phantoms
  15 centaurs
  A big kobold (D:13)
  3 lava worms (Lair:4)
  2 brain worms
  14 giant frogs
  9 giant slugs
  A giant slug zombie (D:14)
  An earth elemental (D:10)
  16 insubstantial wisps (D:14)
  2 eyes of draining
  A hippogriff zombie (D:11)
  2 scorpions
  5 jellies
  5 killer bees (D:11)
  A yak skeleton (D:9)
  A quasit (D:10)
  9 crimson imps
  A centaur zombie (D:13)
  4 electric eels
  11 hounds
  A black bear zombie (D:5)
  An elf zombie (D:12)
  Crazy Yiuf (D:2)
  A giant frog skeleton (D:6)
  14 orc priests
  2 elf skeletons (D:12)
  7 iguanas
  23 worker ants
  8 orc wizards
  30 sheep
  6 ogre zombies (D:9)
  A big kobold skeleton (D:6)
  A hound zombie (D:9)
  2 mummies (D:11)
  2 gnolls (D:6)
  46 green rats
  28 adders
  A worm zombie (D:8)
  3 giant mites
  5 shadow imps
  An inept feature mimic (D:7)
  4 orc skeletons
  3 worms
  6 giant eyeballs
  8 giant geckos
  An ooze (D:1)
  73 orcs
  A ball python (D:1)
  A giant cockroach (D:3)
  9 hobgoblins
  44 jackals
  34 kobolds
  12 quokkas
  25 bats
  9 giant newts
  3 giant spores
  14 goblins
  A goblin zombie (D:9)
  2 hobgoblin skeletons
  5 hobgoblin zombies (D:9)
  2 kobold zombies
  13 orc zombies
  30 rats
  A rat skeleton (D:5)
  2 ballistomycetes
  2 plants (Lair:7)
1017 creatures vanquished.

Vanquished Creatures (others)
  6 ball lightnings (D:14)
  An insubstantial wisp (D:14)
  32 fungi
  6 plants
45 creatures vanquished.

Grand Total: 1062 creatures vanquished

Notes
Turn   | Place    | Note
--------------------------------------------------------------
     0 | D:1      | peterlawrence, the Minotaur Fighter, began the quest for the Orb.
     0 | D:1      | Reached XP level 1. HP: 19/19 MP: 1/1
   341 | D:1      | Reached XP level 2. HP: 21/27 MP: 1/1
   470 | D:1      | Reached skill level 4 in Fighting
  1146 | D:2      | Reached XP level 3. HP: 33/33 MP: 2/2
  1490 | D:2      | Noticed Crazy Yiuf
  1499 | D:2      | Paralysed by Crazy Yiuf for 2 turns
  1502 | D:2      | Killed Crazy Yiuf
  1711 | D:2      | Reached XP level 4. HP: 30/41 MP: 2/2
  1894 | D:3      | Reached skill level 1 in Dodging
  2224 | D:3      | Noticed peterlawrence's ghost (average MiFi)
  2237 | D:3      | Killed peterlawrence's ghost
  2237 | D:3      | Reached XP level 5. HP: 4/47 MP: 2/2
  2675 | D:3      | Found a burning altar of Makhleb.
  2676 | D:3      | Found a radiant altar of Vehumet.
  2911 | D:4      | Reached XP level 6. HP: 46/53 MP: 3/3
  2959 | D:4      | Reached skill level 5 in Maces & Flails
  3705 | D:5      | Entered Level 5 of the Dungeon
  3715 | D:5      | Reached skill level 6 in Maces & Flails
  3728 | D:5      | Reached XP level 7. HP: 37/60 MP: 3/3
  3993 | D:5      | Reached skill level 7 in Maces & Flails
  4191 | D:6      | Reached skill level 8 in Maces & Flails
  4211 | D:6      | Noticed Edmund
  4229 | D:6      | Killed Edmund
  4303 | D:6      | Reached skill level 9 in Maces & Flails
  4327 | D:6      | Reached XP level 8. HP: 8/67 MP: 3/3
  4614 | D:6      | Paralysed by a giant eyeball for 4 turns
  4623 | D:6      | Paralysed by a giant eyeball for 3 turns
  4790 | D:6      | Reached skill level 10 in Maces & Flails
  5263 | D:6      | Reached skill level 5 in Fighting
  5405 | D:6      | Found an iron altar of Okawaru.
  5432 | D:6      | Became a worshipper of Warmaster Okawaru
  5780 | D:7      | Found Mounyiq's Antique Armour Boutique.
  6163 | D:7      | Found a staircase to the Ecumenical Temple.
  6333 | D:7      | Found a shimmering altar of Xom.
  6337 | D:7      | Found a blossoming altar of Fedhas.
  6342 | D:7      | Found a sparkling altar of Nemelex Xobeh.
  6417 | D:7      | Reached XP level 9. HP: 79/82 MP: 4/7
  6687 | D:8      | Paralysed by a giant eyeball for 4 turns
  6830 | D:8      | Paralysed by a giant eyeball for 3 turns
  6969 | D:7      | Acquired Okawaru's first power
  7145 | D:8      | Paralysed by a giant eyeball for 2 turns
  7148 | D:8      | Paralysed by a giant eyeball for 2 turns
  7155 | D:8      | Reached skill level 11 in Maces & Flails
  7177 | D:8      | Found a staircase to the Lair.
  7778 | D:8      | Noticed a hill giant
  7792 | D:8      | Killed a hill giant
  7792 | D:8      | Reached skill level 12 in Maces & Flails
  8207 | D:8      | Found a bloodstained altar of Trog.
  8207 | D:8      | Found a basalt altar of Yredelemnul.
  8269 | D:9      | Found Graok's Gadget Boutique.
  8313 | D:9      | Reached skill level 13 in Maces & Flails
  8392 | D:9      | Reached XP level 10. HP: 60/90 MP: 10/10
  8643 | D:9      | Noticed Prince Ribbit
  8659 | D:9      | Killed Prince Ribbit
  8711 | D:9      | Found a staircase to the Orcish Mines.
  9163 | D:9      | Reached skill level 10 in Fighting
  9431 | Lair:1   | Entered Level 1 of the Lair of Beasts
  9962 | Lair:1   | Reached skill level 5 in Invocations
 10167 | Lair:1   | Identified a scroll of acquirement
 11585 | Lair:2   | Reached XP level 11. HP: 88/102 MP: 17/17
 12084 | Lair:2   | Got a scintillating wooden ring
 12604 | Lair:3   | Noticed a seven-headed hydra
 12617 | Lair:3   | Killed a seven-headed hydra
 12993 | Lair:3   | Reached skill level 14 in Fighting
 14156 | Lair:4   | Reached skill level 15 in Fighting
 14164 | Lair:4   | Found a dark tunnel.
 14165 | Lair:4   | Noticed a lindwurm
 14180 | Lair:4   | Killed a lindwurm
 14189 | Volcano  | Entered a volcano
 14320 | Volcano  | Reached XP level 12. HP: 111/121 MP: 18/18
 14954 | Lair:4   | Reached skill level 16 in Fighting
 14982 | Lair:4   | HP: 5/122 [komodo dragon (8)]
 16131 | Lair:4   | Reached skill level 5 in Armour
 16629 | Lair:4   | Acquired Okawaru's second power
 16638 | Lair:4   | HP: 4/124 [poisoned by a queen ant]
 17252 | Lair:4   | Noticed a four-headed hydra
 17265 | Lair:4   | Killed a four-headed hydra
 17525 | Lair:4   | Reached skill level 10 in Armour
 18045 | Lair:5   | Found a staircase to the Snake Pit.
 18155 | Lair:5   | Reached XP level 13. HP: 92/130 MP: 14/20
 18759 | Lair:5   | Received a gift from Okawaru
 18762 | Lair:5   | Got a pair of jewelled boots {god gift}
 19273 | Lair:5   | Identified the +1 pair of boots of Incorporation {rF+} (Okawaru gifted it to you on level 5 of the Lair of Beasts)
 20050 | Lair:6   | Found a staircase to the Swamp.
 20497 | Lair:6   | HP: 6/130 [death yak (10)]
 21128 | Lair:6   | Reached skill level 15 in Armour
 21754 | Lair:6   | Reached skill level 5 in Shields
 22057 | Lair:7   | Noticed Rupert
 22058 | Lair:7   | Paralysed by Rupert for 7 turns
 22092 | Lair:7   | HP: 6/130 [Rupert/runed great mace (24)]
 22098 | Lair:7   | Killed Rupert
 22422 | Lair:7   | Found a viscous altar of Jiyva.
 22422 | Lair:7   | Found a staircase to the Slime Pits.
 22710 | Lair:7   | Reached XP level 14. HP: 133/138 MP: 20/20
 22765 | Lair:7   | Noticed Maud
 22817 | Lair:7   | Killed Maud
 23609 | Lair:7   | Reached skill level 10 in Shields
 24808 | Lair:8   | Entered Level 8 of the Lair of Beasts
 24820 | Lair:8   | Reached skill level 5 in Dodging
 25819 | Lair:8   | Received a gift from Okawaru
 26305 | Lair:8   | Reached skill level 17 in Fighting
 26872 | Lair:8   | Found a burning altar of Makhleb.
 26971 | Lair:8   | Reached XP level 15. HP: 52/147 MP: 17/21
 26972 | Lair:8   | Found a gateway to Hell.
 27685 | Lair:1   | Reached skill level 18 in Fighting
 27717 | D:10     | Entered Level 10 of the Dungeon
 27727 | D:10     | Noticed Urug
 27746 | D:10     | Killed Urug
 28051 | D:10     | Paralysed by a giant eyeball for 3 turns
 28095 | D:10     | Noticed Erolcha
 28108 | D:10     | Killed Erolcha
 29151 | D:11     | Paralysed by a giant eyeball for 3 turns
 29185 | D:11     | Found a flagged portal.
 29189 | D:11     | Found Xemohus' Gadget Shoppe.
 29202 | Bailey   | Entered a bailey
 29370 | Bailey   | Found a bloodstained altar of Trog.
 29660 | D:11     | Got a transparent scale mail
 29678 | D:11     | Identified the +4 scale mail "Habb" {rC+ SInv} (You found it on level 11 of the Dungeon)
 29981 | D:12     | Reached skill level 19 in Fighting
 30009 | D:12     | Noticed Josephine
 30017 | D:12     | Killed Josephine
 30531 | D:12     | Noticed Fannar
 30583 | D:12     | Killed Fannar
 30675 | D:12     | Noticed Maurice
 30701 | D:12     | Killed Maurice
 30701 | D:12     | Received a gift from Okawaru
 30938 | D:13     | Found a gate to the Vaults.
 31177 | D:13     | Found Tras' Blood Bar.
 31804 | D:13     | Found a bloodstained altar of Trog.
 31841 | D:13     | Noticed Sonja
 31856 | D:13     | Reached skill level 15 in Maces & Flails
 31867 | D:13     | Killed Sonja
 32248 | D:14     | Found Diurhih's Book Shop.
 32670 | D:13     | Received a gift from Okawaru
 33132 | D:14     | Reached XP level 16. HP: 91/162 MP: 22/22
 33514 | D:14     | Reached XP level 17. HP: 131/169 MP: 22/22
 33632 | D:14     | Killed from afar by a vapour

Action                   |  1- 3 |  4- 6 |  7- 9 | 10-12 | 13-15 | 16-18 || total
-------------------------+-------+-------+-------+-------+-------+-------++-------
Melee: Flail             |    84 |   171 |   192 |       |    60 |       ||   507
       Whip              |       |       |   377 |  1283 |  2140 |       ||  3800
       Eveningstar       |       |       |       |       |   362 |    27 ||   389
Invok: Heroism           |       |       |     2 |    13 |    19 |       ||    34
       Finesse           |       |       |       |     2 |     7 |       ||     9
Evoke: Wand              |       |       |       |     8 |    10 |       ||    18
  Use: Scroll            |     1 |     9 |    10 |    18 |    15 |     1 ||    54
       Potion            |       |     2 |     1 |     3 |     7 |       ||    13
